AoeStats
← KND

Lombardia

509588034Analyzed
4v4 RM · 4d ago on Sep 27, 2026· 58m 10s· 8 players
Game mode
Random Map
Map size
Large (8 player)
Population
200
Speed
Normal
Resources
Standard
Victory
Conquest
Starting age
Dark Age
Ending age
Imperial Age
RankedLock teamsTeams togetherTeam positionsShared explorationLock speedFull tech treeHidden civsTurbo modeCheats
Victory
Defeat
🇨🇳 Mongols · China
1434
+18
🇨🇳 Poles · China
1425
+18
🇧🇷 Vietnamese · Brazil
1373
+21
🇨🇳 Varangians · China
1338
+22
🇧🇷 Tatars · Brazil
1507
-21
🇹🇷 Sicilians · Türkiye
1483
-20
🇹🇷 Varangians · Türkiye
1481
-20
🇨🇳 Danes · China
1435
-18
Sir Dancealot
11:15 Feudal Age
9:34 Loom
11:20 Feudal Age
12:33 Double-Bit Axe
12:30 Horse Collar
15:49 Castle Age
17:00 Bow Saw
22:40 Wheelbarrow
22:40 Heavy Plow
25:32 Hand Cart
27:17 Pikeman
27:57 Squires
27:44 Arson
28:03 Scale Mail Armor
31:16 Imperial Age
29:13 Town Watch
30:46 Chain Mail Armor
30:42 Forging
30:34 Stone Mining
30:35 Gold Mining
31:36 Masonry
31:47 Ballistics
31:18 Fletching
32:00 Gambesons
31:37 Halberdier
32:49 Plate Mail Armor
32:55 Iron Casting
33:12 Elite Serjeant
36:35 Blast Furnace
35:50 Capped Ram
36:52 Bodkin Arrow
39:06 Crop Rotation
39:39 Chemistry
38:40 Bracer
39:36 Hoardings
39:26 Conscription
40:42 Coinage
40:17 Siege Ram
41:06 Padded Archer Armor
41:21 Murder Holes
43:42 Caravan
44:02 Siege Engineers
48:47 Guilds
49:08 Banking
50:47 Heavy Mounted Crossbowman
52:05 Cranequins
54:11 Leather Archer Armor
56:49 Elite Skirmisher
58:48 Gold Shaft Mining
m1s1r
8:49 Loom
10:35 Feudal Age
14:53 Castle Age
13:22 Double-Bit Axe
13:18 Horse Collar
15:53 Bow Saw
22:34 Wheelbarrow
23:41 Town Watch
27:15 Fletching
29:52 Forging
32:15 Imperial Age
31:27 Iron Casting
31:10 Bloodlines
31:58 Husbandry
32:05 Scale Barding Armor
32:26 Elite Jarl
33:27 Conscription
33:45 Hand Cart
34:30 Two-Man Saw
33:31 Heavy Plow
36:50 Chain Barding Armor
37:31 Blast Furnace
37:06 Caravan
36:52 Vendel Legacy
39:23 Plate Barding Armor
38:10 Light Cavalry
39:06 Gold Mining
39:06 Stone Mining
39:22 Hussar
39:23 Gothikon
40:26 Town Patrol
43:41 Cavalier
44:53 Onager
46:35 Gambesons
46:50 Squires
46:12 Elite Varangian Guard
46:38 Arson
47:58 Bodkin Arrow
48:04 Scale Mail Armor
49:35 Chain Mail Armor
49:13 Pikeman
50:10 Halberdier
.
9:34 Feudal Age
10:25 Double-Bit Axe
11:39 Horse Collar
14:43 Loom
18:24 Castle Age
16:45 Gold Mining
19:43 Bow Saw
20:53 Heavy Plow
22:18 Wheelbarrow
25:26 Hand Cart
27:55 Gold Shaft Mining
30:34 Imperial Age
28:41 Forging
28:31 Scale Mail Armor
28:39 Stone Mining
29:05 Squires
30:29 Stone Shaft Mining
30:47 Iron Casting
30:27 Chain Mail Armor
31:02 Elite Varangian Guard
33:28 Blast Furnace
33:00 Plate Mail Armor
34:59 Chemistry
34:09 Arson
36:52 Masonry
37:03 Ballistics
36:56 Siege Engineers
38:25 Fletching
38:36 Padded Archer Armor
38:00 Elite Skirmisher
38:08 Capped Ram
39:35 Thumb Ring
39:21 Siege Ram
40:09 Bodkin Arrow
40:30 Leather Archer Armor
41:44 Bracer
42:17 Ring Archer Armor
46:54 Conscription
47:16 Hoardings
47:11 Caravan
47:34 Hamask
51:26 Northmen's Fury
KND
11:18 Feudal Age
15:01 Castle Age
12:51 Double-Bit Axe
13:24 Horse Collar
16:05 Bow Saw
17:02 Heavy Plow
17:14 Loom
18:06 Wheelbarrow
23:58 Hand Cart
24:15 Gold Mining
24:21 Stone Mining
26:37 Town Watch
29:50 Imperial Age
27:24 Gold Mining
28:31 Ballistics
27:52 Treadmill Crane
28:22 Masonry
28:06 Fletching
28:17 Padded Archer Armor
29:02 Bodkin Arrow
29:43 Bloodlines
29:33 Husbandry
30:39 Gold Shaft Mining
30:45 Leather Archer Armor
30:57 Conscription
31:43 Bracer
32:14 Ring Archer Armor
32:46 Chemistry
32:43 Heavy Cavalry Archer
34:29 Elite Skirmisher
37:53 Crop Rotation
37:27 Town Patrol
38:23 Timurid Siegecraft
40:17 Light Cavalry
40:37 Elite Keshik
42:07 Silk Armor
42:49 Scale Barding Armor
42:55 Forging
44:57 Chain Barding Armor
45:13 Iron Casting
47:30 Hussar
48:55 Plate Barding Armor
51:24 Caravan
51:55 Coinage
51:36 Guilds
53:27 Blast Furnace
52:10 Elite Steppe Lancer
54:24 Banking
吴彦祖
11:37 Feudal Age
15:25 Castle Age
17:01 Wheelbarrow
19:03 Double-Bit Axe
19:26 Horse Collar
20:21 Hand Cart
20:45 Bow Saw
25:49 Heavy Plow
32:08 Imperial Age
29:36 Loom
29:37 Town Watch
30:07 Gold Mining
30:07 Stone Mining
33:13 Conscription
33:10 Scale Mail Armor
33:21 Forging
34:59 Two-Man Saw
34:36 Crop Rotation
33:39 Elite Varangian Guard
34:20 Squires
34:05 Arson
35:54 Chain Mail Armor
36:14 Iron Casting
36:41 Coinage
35:56 Gothikon
36:06 Elite Jarl
37:14 Husbandry
37:24 Bloodlines
38:13 Banking
38:38 Vendel Legacy
40:54 Plate Mail Armor
41:24 Blast Furnace
40:14 Cavalier
41:57 Scale Barding Armor
44:39 Chain Barding Armor
48:11 Caravan
49:32 Plate Barding Armor
56:14 Guilds
Boss
11:08 Feudal Age
15:04 Castle Age
14:03 Double-Bit Axe
16:03 Bow Saw
16:05 Horse Collar
17:29 Wheelbarrow
24:26 Gold Mining
24:26 Stone Mining
26:51 Stone Shaft Mining
26:52 Gold Shaft Mining
27:26 Fletching
27:36 Padded Archer Armor
30:10 Imperial Age
27:27 Loom
28:23 Ballistics
28:04 Bodkin Arrow
28:51 Hand Cart
28:51 Town Watch
29:28 Leather Archer Armor
29:30 Heavy Plow
30:58 Stone Shaft Mining
30:41 Husbandry
30:56 Bracer
32:01 Chemistry
32:04 Bloodlines
33:25 Elite Mangudai
34:26 Conscription
36:37 Onager
38:28 Siege Onager
40:01 Nomads
40:24 Drill
41:46 Thumb Ring
42:06 Siege Engineers
42:46 Parthian Tactics
43:46 Caravan
44:16 Coinage
45:57 Coinage
45:39 Nomads
45:03 Capped Ram
46:21 Murder Holes
46:37 Masonry
45:57 Siege Ram
47:32 Banking
47:40 Banking
56:34 Fortified Wall
逆·风
3:46 Loom
11:46 Feudal Age
12:09 Horse Collar
12:15 Double-Bit Axe
14:48 Wheelbarrow
18:44 Castle Age
16:44 Stone Mining
16:53 Gold Mining
19:41 Bow Saw
19:34 Heavy Plow
20:14 Hand Cart
19:44 Town Watch
20:56 Stone Shaft Mining
30:56 Imperial Age
28:38 Fletching
28:48 Padded Archer Armor
29:51 Bodkin Arrow
29:40 Treadmill Crane
29:57 Murder Holes
30:25 Leather Archer Armor
30:57 Ballistics
30:48 Masonry
31:25 Elite Rattan Archer
32:35 Thumb Ring
31:50 Elite Skirmisher
32:34 Bracer
34:06 Chemistry
34:05 Ring Archer Armor
34:13 Hoardings
33:15 Imperial Skirmisher
34:29 Paper Money
38:06 Scale Barding Armor
38:12 Forging
39:08 Chain Barding Armor
40:14 Iron Casting
39:41 Town Patrol
40:13 Coinage
39:43 Caravan
39:54 Guilds
40:06 Chatras
43:00 Banking
42:35 Elite Battle Elephant
43:26 Bloodlines
43:17 Husbandry
43:53 Plate Barding Armor
43:19 Scale Mail Armor
42:41 Pikeman
43:22 Squires
43:07 Arson
44:32 Siege Engineers
44:38 Fortified Wall
44:10 Light Cavalry
46:28 Two-Man Saw
45:59 Crop Rotation
45:53 Bombard Tower
45:05 Capped Ram
45:06 Onager
46:10 Capped Ram
49:49 Chain Mail Armor
48:56 Halberdier
48:57 Elite Fire Lancer
49:10 Sappers
49:41 Arrowslits
49:48 Guard Tower
54:16 Crossbowman
58:00 Plate Mail Armor
UU
2:30 Loom
11:37 Feudal Age
14:00 Double-Bit Axe
16:25 Castle Age
14:08 Horse Collar
17:25 Bow Saw
22:57 Wheelbarrow
22:23 Heavy Plow
22:16 Stone Mining
24:08 Gold Mining
31:07 Imperial Age
28:25 Town Watch
28:59 Hand Cart
29:44 Scale Barding Armor
29:50 Forging
29:06 Light Cavalry
29:57 Bloodlines
29:48 Husbandry
31:02 Chain Barding Armor
31:17 Winged Hussar
32:58 Crop Rotation
33:33 Iron Casting
35:18 Blast Furnace
34:29 Scale Mail Armor
34:30 Squires
34:55 Fletching
35:47 Conscription
35:01 Elite Obuch
38:00 Chain Mail Armor
38:24 Capped Ram
40:35 Plate Mail Armor
40:16 Caravan
40:48 Coinage
40:07 Siege Ram
40:58 Bodkin Arrow
41:04 Padded Archer Armor
41:17 Masonry
41:28 Ballistics
42:08 Chemistry
42:22 Bracer
45:28 Lechitic Legacy
46:50 Fortified Wall
46:47 Siege Engineers
46:47 Arson
47:19 Leather Archer Armor
47:04 Murder Holes
46:53 Treadmill Crane
49:14 Banking
Connection lost

Rejoining the realm…

Still unreachable

The connection could not be restored.

Session expired

The server has moved on; the page needs a fresh start.